 Dungeon Crawl Stone Soup version 0.22-a0-618-gd6a3efe (webtiles) character file.

1517 torrenera the Transmogrifier (level 8, -3/59 HPs)
             Began as a White Draconian Transmuter on July 13, 2018.
             Was a Follower of Sif Muna.
             Slain by a wraith (10 damage)
             ... on level 7 of the Dungeon.
             The game lasted 00:25:44 (8084 turns).

torrenera the Transmogrifier (DrTm)                 Turns: 8084, Time: 00:25:44

Health: -3/59      AC:  7    Str: 12    XL:     8   Next: 54%
Magic:  6/14       EV: 12    Int: 16    God:    Sif Muna [*.....]
Gold:   389        SH:  0    Dex: 12    Spells: 5/15 levels left

rFire    . . .     SeeInvis .     - Unarmed
rCold    + . .     Gourm    .   (no shield)
rNeg     . . .     Faith    .   (armour unavailable)
rPois    .         Spirit   .   (helmet restricted)
rElec    .         Reflect  .   v - scarf {repulsion}
rCorr    .         Harm     .   (no gloves)
MR       .....                  E - +0 pair of boots
Stlth    +.........             (no amulet)
HPRegen  0.19/turn              (no ring)
MPRegen  0.14/turn              (no ring)

@: slowed, drained, repel missiles, very slow
A: breathe frost, unfitting armour, cold resistance 1, cold-blooded, AC +6
a: Breathe Frost, Divine Energy, Renounce Religion


You were on level 7 of the Dungeon.
You worshipped Sif Muna.
Sif Muna was aware of your devotion.
You were not hungry.

You visited 2 branches of the dungeon, and saw 8 of its levels.
You also visited: Sewer.

You collected 389 gold pieces.

Inventory:

Hand Weapons
 a - a +0 hunting sling
 g - a +0 antimagic dagger
 h - a +2 vampiric spear
 t - a +0 great sword
 y - a +1 whip of draining
Missiles
 e - 90 arrows
 i - 82 stones (quivered)
Armour
 p - a +0 buckler
 v - a scarf of repulsion (worn)
 E - a +0 pair of boots (worn)
Jewellery
 j - a cursed amulet of inaccuracy {unknown}
 D - an uncursed ring of positive energy {unknown}
Wands
 q - a wand of clouds (2)
 G - a wand of paralysis (7)
Scrolls
 d - a scroll of amnesia {unknown}
 k - 2 scrolls of enchant weapon {unknown}
 m - 6 scrolls of magic mapping {unknown}
 o - 3 scrolls of remove curse {unknown}
 r - a scroll of identify {unknown}
 s - 2 scrolls of fog {unknown}
 B - a scroll of teleportation {unknown}
 C - 3 scrolls of enchant armour {unknown}
Potions
 b - 3 potions of agility {unknown}
 f - 4 potions of curing
 l - a potion of degeneration {unknown}
 n - 2 potions of ambrosia {unknown}
 u - a potion of brilliance {unknown}
 w - a potion of might {unknown}
 x - 3 potions of heal wounds {unknown}
 z - a potion of berserk rage {unknown}
 A - a potion of resistance {unknown}
Comestibles
 c - 13 rations


   Skills:
 - Level 1.1(0.6) Fighting
 - Level 1.7(1.3) Dodging
 - Level 6.2(5.7) Unarmed Combat
 - Level 4.0(3.5) Spellcasting
 + Level 8.4(7.8) Transmutations
 * Level 1.9(1.4) Ice Magic


You had 5 spell levels left.
You knew the following spells:

 Your Spells              Type           Power        Failure   Level  Hunger
a - Beastly Appendage     Tmut           ####..       1%          1    None
b - Sticks to Snakes      Tmut           ####....     1%          2    ##.....
c - Spider Form           Tmut/Pois      ###.......   11%         3    ###....
d - Ice Form              Ice/Tmut       ###.....     26%         4    ####...

Your spell library contained the following spells:

 Spells                   Type           Power        Failure   Level  Hunger
 Blade Hands              Tmut           ####......   19%         5    ######.


Dungeon Overview and Level Annotations

Branches:
Dungeon (7/15)             Temple (1/1) D:5

Altars:
Ashenzari
Cheibriados
Dithmenos
Elyvilon
Fedhas
Gozag
Hepliaklqana
Kikubaaqudgha
Makhleb
Nemelex Xobeh
Okawaru
Qazlal
Ru
Sif Muna
Uskayaw
Vehumet
Wu Jian
Xom
Yredelemnul
Zin
The Shining One


Innate Abilities, Weirdness & Mutations

You can breathe waves of freezing cold.
You can buffet flying creatures when you breathe cold.
Your icy white scales are hard. (AC +6)
You cannot fit into any form of body armour.
Your flesh is cold resistant. (rC+)
You are cold-blooded and may be slowed by cold attacks.


Message History

The wraith barely misses your adder.
Your adder bites the wraith but does no damage.
The wraith closely misses your adder.
Unknown command.
Something hits your adder!
Your adder closely misses the wraith.
The wraith completely misses your adder.
Your adder withers and dies!
Casting: Sticks to Snakes (safe; 1% risk of failure)
Confirm with . or Enter, or press ? or * to list all spells.
You create 2 snakes!
You now have 92 arrows.
The wraith hits you!
* * * LOW HITPOINT WARNING * * *
The wraith drains your vigour!
You feel as though you will be slow longer.
Casting: Sticks to Snakes (safe; 1% risk of failure)
Confirm with . or Enter, or press ? or * to list all spells.
You create 2 snakes!
You now have 90 arrows.
The wraith completely misses you.
Your ball python bites the wraith but does no damage.
The wraith hits you!
You die...

#.# #.# #.# ##.########
#[#### #.........# #....#
#.###.###.# # #..#.# #.#
#.###.######## ##...# #.#
#............. ##.## #S#
####...####### #.#
#W#####.....# # #<#
#@..........# #.#
#SS####.....###### #.#
#S.# ##..........
#.#######..#####.########.
#...................# #.
#########.....##.##.#####.
#####.##.##.#.....
#.##.##.......
#.##.####.###.


You could see a wraith, a friendly adder and 3 friendly ball pythons.

Vanquished Creatures
  Grinder (D:3)
  Prince Ribbit (D:6)
  A water moccasin (D:7)
  A sky beast (D:6)
  A crocodile (D:7)
  2 bullfrogs (D:6)
  A wight (D:7)
  A centaur zombie (D:5)
  A crimson imp (D:7)
  5 human zombies (D:7)
  A bullfrog skeleton (D:6)
  2 hounds
  Jessica (D:3)
  A human skeleton (D:7)
  2 orc wizards
  Terence (D:3)
  4 gnolls (D:7)
  14 adders
  An adder skeleton (D:4)
  2 worms (D:3)
  2 dart slugs
  4 leopard geckos
  7 orcs
  5 giant cockroaches
  14 goblins
  4 hobgoblins
  10 jackals
  15 kobolds
  A ball python (D:1)
  7 bats
  18 frilled lizards
  A jackal skeleton (D:5)
  A quokka skeleton (D:6)
  6 rats
139 creatures vanquished.

Vanquished Creatures (collateral kills)
  A wight (D:7)
  An orc wizard (D:4)
  2 worker ants
  Robin (D:2)
  2 adders
  A dart slug (D:3)
  A frilled lizard (D:3)
9 creatures vanquished.

Vanquished Creatures (others)
  2 plants (Sewer)
2 creatures vanquished.

Grand Total: 150 creatures vanquished

Notes
Turn   | Place    | Note
-------+----------+-------------------------------------------
     0 | D:1      | torrenera the Draconian Transmuter began the quest for the Orb.
     0 | D:1      | Reached XP level 1. HP: 16/16 MP: 3/3
   199 | D:1      | Reached XP level 2. HP: 11/23 MP: 5/5
   498 | D:1      | Learned a level 2 spell: Sticks to Snakes
   803 | D:2      | Reached XP level 3. HP: 23/28 MP: 1/6
   952 | D:2      | Noticed Robin
  1086 | D:1      | Reached skill level 3 in Transmutations
  1223 | D:2      | Killed Robin
  1422 | D:2      | Reached XP level 4. HP: 23/35 MP: 3/7
  2054 | D:2      | Learned a level 3 spell: Spider Form
  2232 | D:3      | Noticed Grinder
  2244 | D:3      | Killed Grinder
  2244 | D:3      | Reached skill level 5 in Unarmed Combat
  2244 | D:3      | Reached skill level 4 in Transmutations
  2244 | D:3      | Reached XP level 5. HP: 19/40 MP: 2/8
  2244 | D:3      | Reached XP level 6. HP: 22/47 MP: 2/9
  2450 | D:3      | Noticed Terence
  2463 | D:3      | Killed Terence
  2505 | D:3      | Noticed Jessica
  2513 | D:3      | Killed Jessica
  2669 | D:3      | Found a faded altar of an unknown god.
  2894 | D:4      | Reached skill level 5 in Transmutations
  3790 | D:5      | Entered Level 5 of the Dungeon
  4103 | D:5      | Your scales start taking on an icy white colour.
  4103 | D:5      | Reached XP level 7. HP: 16/52 MP: 10/10
  4103 | D:5      | Gained mutation: Your flesh is cold resistant. (rC+) [White Draconian growth]
  4146 | D:5      | Found a blossoming altar of Fedhas.
  4237 | D:5      | Found a glowing drain.
  4311 | Sewer    | Entered a sewer
  4540 | Sewer    | Learned a level 4 spell: Ice Form
  5255 | D:5      | Found a staircase to the Ecumenical Temple.
  5355 | D:5      | Found a deep blue altar of Sif Muna.
  5427 | Temple   | Entered the Ecumenical Temple
  5461 | Temple   | Became a worshipper of Sif Muna the Loreminder
  5538 | D:6      | Reached skill level 6 in Transmutations
  5842 | D:6      | Found a glowing golden altar of the Shining One.
  5847 | D:6      | Noticed Prince Ribbit
  5986 | D:6      | Killed Prince Ribbit
  5986 | D:6      | Reached skill level 7 in Transmutations
  6154 | D:6      | Found a blossoming altar of Fedhas.
  6267 | D:6      | Reached XP level 8. HP: 43/59 MP: 10/12
  6317 | D:6      | Found a shimmering altar of Xom.
  6317 | D:6      | Found a shadowy altar of Dithmenos.
  6981 | D:7      | Reached * piety under Sif Muna
  7470 | D:7      | Reached skill level 8 in Transmutations
  7643 | D:7      | Reached skill level 1 in Ice Magic
  8013 | D:7      | Found an ancient bone altar of Kikubaaqudgha.
  8084 | D:7      | Slain by a wraith

Vault maps used:
D:1:      onia_arrival_mini_spirals, minmay_lizard_pond
D:2:      uniq_robin
D:3:      chequers_ecumenical_altar_simple, uniq_terence, uniq_jessica,
          uniq_grinder
D:5:      minmay_temple_entry_butterflies, gup_sewer_entry_glass, first_ration,
          basic_altar, led_sif_pool
D:6:      nicolae_tso_carved_into_rock, gammafunk_temple_overflow_elements,
          fedhas_altar_2, kennysheep_cross_bottleneck, uniq_prince_ribbit1
D:7:      lemuel_mausoleum_altar_kikubaaqudgha
Temple:   nicolae_temple_x_marks_the_god
Sewer:    sewer_co_scattered_pipes

Skill      XL: |  1  2  3  4  5  6  7  8 |
---------------+-------------------------+-----
Transmutations | 3 4 5 7 8 |  8.4
Unarmed Combat | 4 5 6 |  6.2
Spellcasting   | 3 4 |  4.0
Ice Magic      | 1 |  1.9
Fighting       | |  1.1
Dodging        | |  1.7

Action                   |  1- 3 |  4- 6 |  7- 9 || total
-------------------------+-------+-------+-------++-------
Melee: Unarmed           |   117 |   157 |   249 ||   523
       Tailslap          |    11 |    16 |    34 ||    61
       Kick              |     2 |     9 |     6 ||    17
       Headbutt          |     6 |     4 |    19 ||    29
       Punch             |       |     5 |     4 ||     9
 Fire: Hunting sling     |     7 |    79 |    90 ||   176
Throw: Stone             |       |     1 |       ||     1
 Cast: Beastly Appendage |    18 |    16 |    14 ||    48
       Sticks to Snakes  |     4 |     8 |    25 ||    37
       Spider Form       |       |       |     2 ||     2
 Abil: Breathe Frost     |       |       |     6 ||     6
Evoke: Wand              |       |       |     2 ||     2
 Stab: Distracted        |       |     1 |       ||     1
  Eat: Chunk             |     2 |     8 |    11 ||    21
       Ration            |       |       |     2 ||     2
Armor: Skin              |    38 |    52 |    68 ||   158
Dodge: Dodged            |    94 |   126 |   139 ||   359
       Deflected         |       |       |     2 ||     2

Table legend:
 A = Spawn XP
 B = Non-spawn XP
 C = Spawn XP percentage of total XP
 D = Spawn monster count
 E = Non-spawn monster count
 F = Spawn count percentage of total count
 G = Total turns spent on level
                    A         B        C        D         E        F      G
               +---------+---------+-------+---------+---------+-------+---------
         Total |       0 |    2168 |   0.0 |       0 |     148 |   0.0 |  8084
               +---------+---------+-------+---------+---------+-------+---------
           D:1 |       0 |      44 |   0.0 |       0 |      29 |   0.0 |  1028
           D:2 |       0 |      89 |   0.0 |       0 |      24 |   0.0 |  1058
           D:3 |       0 |     346 |   0.0 |       0 |      19 |   0.0 |   725
           D:4 |       0 |     166 |   0.0 |       0 |      15 |   0.0 |  1202
           D:5 |       0 |     212 |   0.0 |       0 |      17 |   0.0 |   633
           D:6 |       0 |     607 |   0.0 |       0 |       9 |   0.0 |  1079
           D:7 |       0 |     665 |   0.0 |       0 |      15 |   0.0 |  1484
         Sewer |       0 |      39 |   0.0 |       0 |      20 |   0.0 |   834
               +---------+---------+-------+---------+---------+-------+---------
